 Dungeon Crawl Stone Soup version 0.28.0-45-g0d030f2227 (webtiles) character file.

Game seed: 1400562463512504175

475 Zeld the Gusty (level 7, -7/36 HPs)
             Began as a Tengu Air Elementalist on Apr 2, 2022.
             Killed by divine providence
             ... invoked by an orc priest
              (10 damage)
             ... on level 4 of the Dungeon.
             The game lasted 00:05:04 (4031 turns).

Zeld the Gusty (Tengu Air Elementalist)             Turns: 4031, Time: 00:05:04

Health: -7/36      AC:  4    Str: 10    XL:     7   Next: 10%
Magic:  13/14      EV: 15    Int: 18    God:
Gold:   152        SH:  0    Dex: 14    Spells: 4/14 levels left

rFire   . . .      SeeInvis +   a - +4 spear of the Inferno {drain, rElec rC- rN+ Str+2}
rCold   x . .      Faith    .   (no shield)
rNeg    + . .      Spirit   .   i - +0 robe
rPois   .          Reflect  .   (helmet restricted)
rElec   +          Harm     .   g - +1 cloak
rCorr   .          Rampage  .   (no gloves)
Will    .....                   (boots unavailable)
Stlth   +.........              (no amulet)
HPRegen 0.12/turn               l - ring of see invisible
MPRegen 0.14/turn               m - ring of wizardry

@: confused, swift (expiring), flying quickly and evasively, very quick
A: beak, talons 3, nimble flight
a: no special abilities


You were on level 4 of the Dungeon.
You visited 1 branch of the dungeon, and saw 4 of its levels.

You collected 152 gold pieces.

Inventory:

Hand Weapons
 a - the +4 spear of the Inferno (weapon) {drain, rElec rC- rN+ Str+2}
   (You found it on level 2 of the Dungeon)

   A truly terrible weapon, it drains the life of any living foe it strikes.
   Str:       It affects your strength (+2).
   rC:        It makes you vulnerable to cold.
   rElec:     It insulates you from electricity.
   rN:        It protects you from negative energy.
Armour
 g - a +1 cloak (worn)
 i - a +0 robe (worn)
Jewellery
 l - a ring of see invisible (left hand)
 m - a ring of wizardry (right hand)
 o - a ring of magical power
Wands
 k - a wand of digging (2)
Scrolls
 c - a scroll of vulnerability {unknown}
 d - a scroll of teleportation {unknown}
 e - 2 scrolls of identify {unknown}
 j - a scroll of fear {unknown}
 n - a scroll of enchant weapon {unknown}
Potions
 b - a potion of cancellation {unknown}
 f - a potion of degeneration {unknown}
 h - a potion of lignification {unknown}
 p - 2 potions of flight {unknown}


   Skills:
 - Level 3.0 Dodging
 - Level 3.0 Stealth
 * Level 4.2 Spellcasting
 + Level 3.8 Conjurations
 * Level 6.9 Air Magic


You had 4 spell levels left.
You knew the following spells:

 Your Spells              Type           Power      Damage    Failure   Level
a - Shock                 Conj/Air       92%        1d8       1%          1
b - Static Discharge      Conj/Air       23%        N/A       1%          2
c - Swiftness             Air            28%        N/A       1%          3
d - Airstrike             Air            14%        N/A       3%          4

Your spell library contained the following spells:

 Spells                   Type           Power      Damage    Failure   Level


Dungeon Overview and Level Annotations

Branches:
Dungeon (4/15)
 Temple: D:4-7

Altars:
Xom

Annotations:
D:2 exclusion: endoplasm, Sigmund
D:3 1 runed translucent door, NinjaNoafa's ghost, amateur GnWz
D:4 exclusion: black bear


Innate Abilities, Weirdness & Mutations

You have a beak for a mouth.
You have claws for feet.
Your magical nature lets you fly swiftly and evasively.


Message History

The orc wizard gestures at you while chanting.
You resist with some effort.
The orc wizard gestures at you while chanting.
The puff of flame hits you!
The orc priest calls down the wrath of Beogh upon you.
Pain shoots through your body!
You're too confused to move!
The orc wizard points at you and mumbles some strange words.
The magic dart hits you.
You bump into the rock wall.
The orc throws a boomerang.
The boomerang hits you.
The orc wizard hits you but does no damage.
The orc wizard misses you.
You closely miss the orc wizard. Your kick misses the orc wizard.
The orc wizard is severely wounded.
The orc wizard barely misses you. x2
The orc priest mumbles some strange prayers to Beogh against you.
Beogh smites you!
* * * LOW HITPOINT WARNING * * *
A worm comes into view.
The orc wizard closely misses you.
You closely miss the orc wizard. Your kick misses the orc wizard.
You feel less confused.
The orc wizard hits you but does no damage.
The orc wizard hits you with a +0 dagger.
* * * LOW HITPOINT WARNING * * *
The orc wizard closely misses you.
Unknown command.
The orc wizard points at you and mumbles some strange words.
You resist with some effort.
The orc priest looks braver for a moment.
There is an open door here.
The orc wizard points at you and mumbles some strange words.
You are confused.
You bump into the rock wall.
You start to feel a little slower.
The orc priest barely misses you.
The orc priest calls down the wrath of Beogh upon you.
Beogh smites you!
You die...

♣♣.♣"♣.♣♣
#....#.....#
♣♣♣♣...♣♣
#....#.....#
♣♣♣..♣
#....#..<..#
♣♣.♣##....'.....#
♣
♣....#####.....#
♣♣
♣♣♣#...........#
.♣ #...........#
.♣♣ #...........#
..♣ #..@........+
..♣ ♣♣♣
#...o.......#
♣.♣♣ ♣.♣
#...o.......#
♣..♣ ♣.♣♣♣
#..##'#######
♣..♣♣♣...♣♣
#..#ooo....#
♣♣..♣.....♣
#..#.......#
♣....♣...♣
#..#.......#
♣♣♣.♣♣♣♣.♣
#..#.....w.# ♣♣♣
♣.♣ #..#.....w.#


You could see a worm, an orc priest, 2 orc wizards and an orc.

Vanquished Creatures
  A phantom (D:4)
  A scorpion (D:4)
  A water moccasin skeleton (D:4)
  A jelly (D:4)
  A bullfrog skeleton (D:4)
  An orc wizard (D:3)
  Natasha (thrice) (D:2)
  Robin (D:3)
  2 adders
  An ufetubus (D:4)
  An adder skeleton (D:4)
  2 worms
  3 dart slugs
  6 orcs (D:3)
  3 bats
  6 endoplasms
  2 giant cockroaches
  7 hobgoblins
  13 kobolds
  6 quokkas
  A ball python (D:4)
  5 frilled lizards
  14 goblins
  4 rats
86 creatures vanquished.

Vanquished Creatures (others)
  A plant (D:3)
1 creature vanquished.

Grand Total: 87 creatures vanquished

Notes
Turn   | Place    | Note
-------+----------+-------------------------------------------
     0 | D:1      | Zeld the Tengu Air Elementalist began the quest for the
                  | Orb.
     0 | D:1      | Reached XP level 1. HP: 10/10 MP: 4/4
   372 | D:1      | Reached XP level 2. HP: 15/15 MP: 3/6
   823 | D:1      | Reached XP level 3. HP: 19/19 MP: 2/7
   826 | D:1      | Learned a level 2 spell: Static Discharge
   830 | D:1      | Learned a level 3 spell: Swiftness
  1256 | D:2      | Noticed Natasha
  1277 | D:2      | Killed Natasha
  1278 | D:2      | Reached XP level 4. HP: 1/24 MP: 0/9
  1802 | D:2      | Noticed Sigmund
  1856 | D:2      | Noticed Natasha
  1862 | D:2      | Killed Natasha
  1863 | D:2      | Reached skill level 5 in Air Magic
  1872 | D:2      | Noticed Natasha
  1896 | D:2      | Killed Natasha
  2056 | D:2      | Gained mutation: Your magical nature lets you fly swiftly
                  | and evasively. [Tengu growth]
  2056 | D:2      | Reached XP level 5. HP: 12/28 MP: 7/10
  2259 | D:2      | Learned a level 4 spell: Airstrike
  2262 | D:2      | Identified the +4 spear of the Inferno {drain, rElec rC-
                  | rN+ Str+2}
  2773 | D:3      | Noticed Robin
  2785 | D:3      | Killed Robin
  3026 | D:3      | Found a shimmering altar of Xom.
  3111 | D:3      | Found a runed translucent door.
  3120 | D:3      | Noticed NinjaNoafa's ghost (amateur GnWz)
  3333 | D:4      | Reached XP level 6. HP: 32/32 MP: 12/12
  3336 | D:4      | Reached skill level 6 in Air Magic
  3396 | D:4      | Noticed a black bear
  3595 | D:4      | Reached XP level 7. HP: 22/36 MP: 14/14
  4031 | D:4      | Killed from afar by an orc priest

Illustrated notes

Levels and vault maps discovered:
D:1:      dpeg_arrival_boxorama, layout_rooms
D:2:      layout_basic, uniq_terence, uniq_sigmund, uniq_natasha
D:3:      layout_rooms, marbit_many_paths, ebering_ghost_sewer_d,
          lexackson_kobold_supper, uniq_robin
D:4:      kb_forest_paths, layout_gridville, corexii_item_surrounded_by_moat

Skill      XL: |  1  2  3  4  5  6 |
---------------+-------------------+-----
Conjurations   | 2 3 |  3.8
Air Magic      | 5 6 |  6.9
Spellcasting   | 3 4 |  4.2
Dodging        | 3 |  3.0
Stealth        | 3 |  3.0

Action                   |  1- 3 |  4- 6 |  7- 9 || total
-------------------------+-------+-------+-------++-------
Melee: Unarmed           |       |     7 |       ||     7
       Kick              |       |    15 |     2 ||    17
       Spear             |       |    91 |    13 ||   104
       Peck              |       |     8 |     1 ||     9
 Cast: Shock             |    64 |     7 |       ||    71
       Static Discharge  |     1 |    10 |       ||    11
       Airstrike         |       |     2 |       ||     2
       Swiftness         |       |       |     1 ||     1
 Stab: Sleeping          |       |     2 |     1 ||     3
Armor: Robe              |       |    14 |     9 ||    23
Dodge: Dodged            |     3 |    56 |    28 ||    87
